 Dungeon Crawl Stone Soup version 0.23-a0-639-ga9a3373 (console) character file.

8 Duffy the Firebug (level 2, 19/19 HPs)
             Began as a Demonspawn Fire Elementalist on Dec 29, 2018.
             Quit the game on level 1 of the Dungeon.
             The game lasted 00:00:27 (538 turns).

Duffy the Firebug (Demonspawn Fire Elementalist)     Turns: 538, Time: 00:00:28

Health: 19/19      AC:  2    Str:  8    XL:     2   Next: 0%
Magic:  5/5        EV: 12    Int: 16    God:
Gold:   11         SH:  0    Dex: 13    Spells: 4/5 levels left

rFire    . . .     SeeInvis .   b - +0 dagger
rCold    . . .     Gourm    .   (no shield)
rNeg     . . .     Faith    .   a - +0 robe
rPois    .         Spirit   .   (helmet restricted)
rElec    .         Reflect  .   (no cloak)
rCorr    .         Harm     .   (no gloves)
MR       .....                  (no boots)
Stlth    ++........             (no amulet)
HPRegen  0.06/turn              (no ring)
MPRegen  0.09/turn              (no ring)

@: no status effects
A: horns 1
a: no special abilities


You were on level 1 of the Dungeon.
You were not hungry.

You visited 1 branch of the dungeon, and saw 1 of its levels.

You collected 11 gold pieces.

Inventory:

Hand Weapons
 b - a +0 dagger (weapon)
Armour
 a - a +0 robe (worn)
Scrolls
 e - a scroll of noise {unknown}
 h - 2 scrolls of teleportation {unknown}
Potions
 f - a potion of curing {unknown}
 g - a potion of haste {unknown}
Comestibles
 c - a ration
 d - 3 chunks of flesh


   Skills:
 - Level 1.7 Dodging
 - Level 1.7 Stealth
 + Level 2.2 Spellcasting
 + Level 1.3 Conjurations
 + Level 2.9 Fire Magic


You had 4 spell levels left.
You knew the following spells:

 Your Spells              Type           Power        Failure   Level  Hunger
h - Flame Tongue          Conj/Fire      #....        9%          1    #......

Your spell library contained the following spells:

 Spells                   Type           Power        Failure   Level  Hunger
 Throw Flame              Conj/Fire      #.....       13%         2    ###....
 Conjure Flame            Conj/Fire      #.......     26%         3    ###....
 Inner Flame              Hex/Fire       #.......     32%         3    ###....
 Sticky Flame             Conj/Fire      #.......     63%         4    #####..
 Fireball                 Conj/Fire      #.........   93%         5    ######.


Dungeon Overview and Level Annotations

Branches:
Dungeon (1/15)

Altars:


Innate Abilities, Weirdness & Mutations

You have a pair of small horns on your head.


Message History

The hobgoblin is almost dead.
You hit the hobgoblin.
You kill the hobgoblin!
You have reached level 2!
Your demonic ancestry asserts itself...
A pair of horns grows on your head!
Are you sure you want to abandon this character and quit the game? (Confirm
Okay, then.
All of the chunks of flesh in your inventory have rotted away.
You butcher the rat corpse.
d - a chunk of flesh You see here a rat skeleton. x2
You butcher the goblin corpse.
d - 3 chunks of flesh (gained 2)
You see here a goblin skeleton. x2
Found 25 stones.
You now have 11 gold pieces.
Found 18 arrows.
h - 2 scrolls labeled QILU HUMER Are you sure you want to abandon this character and quit the game? (Confirm

... #.# #.##. # #.##.
.## #.#..# #..
#.#.#.###.#
#.#.##...# #.#..#(..#
..#####.#.##.@.#
..........#.###.#
#.#####.#..##.# ..
#..####.##.......%..
.....................
.(.####.##.#####.. ..
#........# . . ..
#..#.##..# . ..#
#..#.##..#.#


There were no monsters in sight!

Vanquished Creatures
  3 goblins (D:1)
  2 hobgoblins (D:1)
  A frilled lizard (D:1)
  A rat (D:1)
7 creatures vanquished.

Notes
Turn   | Place    | Note
-------+----------+-------------------------------------------
     0 | D:1      | Duffy the Demonspawn Fire Elementalist began the quest for
                  | the Orb.
     0 | D:1      | Reached XP level 1. HP: 13/13 MP: 3/3
   373 | D:1      | Gained mutation: You have a pair of small horns on your
                  | head. [demonic ancestry]
   373 | D:1      | Reached XP level 2. HP: 11/19 MP: 0/5
   538 | D:1      | Quit the game

Vault maps used:
D:1:      psy_arrival_fountain, minmay_heptomino_d4

Action                   || total
-------------------------++-------
Melee: Dagger            ||     9
 Cast: Flame Tongue      ||    11
Armor: Robe              ||     2
Dodge: Dodged            ||     4

Table legend:
 A = Non-vault XP
 B = Vault XP
 C = Vault XP percentage of total XP
 D = Non-vault monster count
 E = Vault monster count
 F = Vault count percentage of total count
                 A         B        C        D         E       F
            +---------+---------+-------+---------+---------+-------
      Total |      12 |       0 |   0.0 |       7 |       0 |   0.0
            +---------+---------+-------+---------+---------+-------
        D:1 |      12 |       0 |   0.0 |       7 |       0 |   0.0
            +---------+---------+-------+---------+---------+-------
